 Dungeon Crawl Stone Soup version 0.21-a0-401-g0b6bec4 (webtiles) character file.

164485 kae the Earth Mage (level 17, 0/106 HPs)
             Began as a Gargoyle Earth Elementalist on Oct 23, 2017.
             Was a High Priest of Vehumet.
             Slain by a wind drake (1 damage)
             ... on level 1 of the Shoals.
             The game lasted 01:12:23 (43736 turns).

kae the Earth Mage (Gargoyle Earth Elementalist)   Turns: 43736, Time: 01:12:24

Health: 0/106      AC: 25    Str: 15    XL:     17   Next: 85%
Magic:  20/34      EV: 15    Int: 25    God:    Vehumet [*****.]
Gold:   1229       SH:  0    Dex: 10    Spells: 3/42 levels left

rFire    . . .     SeeInvis .   a - +5 whip (freeze)
rCold    + . .     Gourm    .   (no shield)
rNeg     + . .     Faith    .   c - +1 robe
rPois    ∞         Spirit   .   u - +2 hat
rElec    +         Reflect  .   (no cloak)
rCorr    .         Harm     .   F - +0 pair of gloves
MR       +....     Clarity  +   (no boots)
Stlth    +.........             l - amulet of regeneration
HPRegen  1.07/turn              S - +3 ring of intelligence
MPRegen  0.24/turn              g - +3 ring of protection

@: slowed, glowing, very slow
A: big wings, slimy green scales 1, clarity, cold resistance 1, negative energy
resistance 1, regeneration 1, electricity resistance, strong 1, unbreathing,
petrification resistance, rot immunity, AC +12
a: Fly, Renounce Religion


You were on level 1 of the Shoals.
You worshipped Vehumet.
Vehumet was extremely pleased with you.
You were very hungry.

You visited 7 branches of the dungeon, and saw 28 of its levels.

You collected 2167 gold pieces.
You spent 938 gold pieces at shops.

Inventory:

Hand Weapons
 a - a +5 whip of freezing (weapon)
Missiles
 r - 178 stones (quivered)
Armour
 c - a +1 robe (worn)
 u - a +2 hat (worn)
 F - a +0 pair of gloves (worn)
Jewellery
 g - a +3 ring of protection (right hand)
 l - an amulet of regeneration (around neck)
 m - an uncursed ring of resist corrosion
 p - an uncursed ring of protection from magic
 D - a +2 ring of dexterity
 G - an uncursed amulet of guardian spirit
 I - an uncursed ring of positive energy
 S - a +3 ring of intelligence (left hand)
 W - the ring of Xueciru {rElec MR- Int+2 Dex+3 SInv}
   (You found it on level 5 of the Lair of Beasts)

   [ring of intelligence]

   It affects your intelligence (+2).
   It affects your dexterity (+3).
   It insulates you from electricity.
   It affects your resistance to hostile enchantments.
   It lets you see invisible.
Wands
 h - a wand of lightning (5/15)
 i - a wand of lightning (8/15)
 t - a wand of acid (6/15)
 w - a wand of paralysis (6/24)
 K - a wand of acid (3/15)
Scrolls
 b - 4 scrolls of amnesia
 f - 3 scrolls of identify
 q - 12 scrolls of remove curse
 y - 3 scrolls of enchant weapon
 z - 4 scrolls of recharging
 A - a scroll of enchant armour
 B - 9 scrolls of teleportation
 C - a scroll of fog
 M - a scroll of blinking
 N - 2 scrolls of magic mapping
Potions
 k - 10 potions of curing
 n - 4 potions of lignification
 s - 4 potions of might
 v - 3 potions of cancellation
 E - a potion of invisibility
 H - a potion of brilliance
 J - a potion of resistance
 L - 2 potions of haste
 P - 2 potions of magic
 V - 4 potions of agility
Books
 e - a book of Geomancy

   Spells                             Type                      Level
   a - Sandblast                      Earth                        1
   b - Passwall                       Transmutation/Earth          2
   c - Stone Arrow                    Conjuration/Earth            3
   d - Petrify                        Transmutation/Earth          4
   e - Lee's Rapid Deconstruction     Earth                        5
 j - a book of the Earth

   Spells                             Type                      Level
   a - Leda's Liquefaction            Hexes/Earth                  4
   b - Bolt of Magma                  Conjuration/Fire/Earth       5
   c - Statue Form                    Transmutation/Earth          6
   d - Iron Shot                      Conjuration/Earth            6
   e - Shatter                        Earth                        9
 o - the Volume of the Stag
   (You found it on level 12 of the Dungeon)

   Spells                             Type                      Level
   a - Mephitic Cloud                 Conjuration/Poison/Air       3
   b - Irradiate                      Conjuration/Transmutation    5
 x - a book of Power

   Spells                             Type                      Level
   a - Iskenderun's Battlesphere      Conjuration/Charms           5
   b - Venom Bolt                     Conjuration/Poison           5
   c - Bolt of Magma                  Conjuration/Fire/Earth       5
   d - Iron Shot                      Conjuration/Earth            6
   e - Orb of Destruction             Conjuration                  7
   f - Spellforged Servitor           Conjuration/Summoning        7
Comestibles
 d - 10 bread rations


   Skills:
 - Level 11.8 Fighting
 - Level 10.9 Maces & Flails
 - Level 8.8 Armour
 - Level 6.9 Dodging
 + Level 9.8 Stealth
 - Level 13.2 Spellcasting
 - Level 14.8 Conjurations
   Level 0.7 Transmutations
 - Level 16.7 Earth Magic


You had 3 spell levels left.
You knew the following spells:

 Your Spells              Type           Power        Failure   Level  Hunger
a - Sandblast             Erth           ######       0%          1    None
b - Stone Arrow           Conj/Erth      ######       0%          3    None
c - Lee's Rapid Deconstr  Erth           #######...   1%          5    ###....
d - Bolt of Magma         Conj/Fire/Erth ######....   1%          5    ###....
e - Iron Shot             Conj/Erth      #######...   1%          6    #####..
f - Fireball              Conj/Fire      ######....   1%          5    ###....
g - Confuse               Hex            ###.....     11%         3    None
h - Orb of Destruction    Conj           ######....   1%          7    ######.
i - Leda's Liquefaction   Hex/Erth       ######....   1%          4    None


Dungeon Overview and Level Annotations

Branches:
Dungeon (13/15)            Temple (1/1) D:5            Lair (6/6) D:11
 Shoals (1/4) Lair:3        Snake (3/4) Lair:3        Slime (0/5) Lair:5
    Orc (2/2) D:10            Elf (2/3) Orc:2        Vaults (0/5) D:13

Altars:
Ashenzari
Cheibriados
Dithmenos
Elyvilon
Fedhas
Gozag
Hepliaklqana
Kikubaaqudgha
Makhleb
Nemelex Xobeh
Okawaru
Qazlal
Ru
Sif Muna
Trog
Uskayaw
Vehumet
Wu Jian
Xom
Yredelemnul
Zin
The Shining One
Beogh

Shops:
D:6 =   D:8 (   D:12 =   D:13 *   Orc:2 :%![   Elf:1 [   Elf:2 :}

Annotations:
D:5 Fingolfin's ghost, novice GnSk
D:9 exclusion: 2 oklob plants
Elf:2 3 runed doors


Innate Abilities, Weirdness & Mutations

You are resistant to torment.
Your stone body is resilient. (AC +12)
You are immune to poison.
Your large and strong wings let you fly indefinitely.
You resist negative energy. (rN+)
You are resistant to electric shocks. (rElec)
You can survive without breathing.
You are immune to petrification.
You are immune to rotting.
You are partially covered in slimy green scales. (AC +2)
You possess an exceptional clarity of mind.
Your flesh is cold resistant. (rC+)
Your natural rate of healing is unusually fast.
Your muscles are strong. (Str +2)


Message History

The faun wields an uncursed spear.
The faun completely misses you.
The faun shoots a stone.
The stone hits you but does no damage.
You hear a splash.
Things that are here:
2 stones; a sling bullet
Okay, then.
The centaur shoots an arrow.
The arrow hits you but does no damage.
The faun shoots a sling bullet.
The sling bullet hits you!
* * * LOW HITPOINT WARNING * * *
You hear a splash.
The faun splashes around in the water.
The wind drake bites you!
* * * LOW HITPOINT WARNING * * *
The merfolk hits you but does no damage.
The faun shoots a sling bullet.
The sling bullet hits you.
* * * LOW HITPOINT WARNING * * *
You hear a splash.
The faun hits you with an uncursed spear.
* * * LOW HITPOINT WARNING * * *
The wind drake bites you.
You die...

..!≈≈≈≈≈≈≈≈≈≈
..≈≈≈≈≈≈≈≈≈≈
##..≈≈≈≈≈≈≈≈≈
#...≈≈≈≈≈≈≈≈≈
#...≈≈≈≈≈≈≈≈≈
#.≈cc≈≈≈≈≈≈≈
#..≈≈≈≈≈≈≈≈≈
##[cc(≈≈≈≈≈≈≈
###..mk@≈≈≈≈≈≈≈ ≈
##..(t≈≈≈≈≈≈≈≈≈≈
.(##..m##.≈≈≈≈≈≈≈≈≈
≈≈.......#.≈≈≈≈≈≈≈≈≈
≈≈..≈≈≈≈(....≈≈≈≈≈≈≈
≈≈..≈≈≈≈(.$≈≈≈≈...≈≈
≈≈...≈≈≈.[≈≈≈≈≈.#.≈≈
≈≈≈≈(≈(≈<.≈≈≈≈≈...≈≈
P≈≈≈≈≈≈≈..≈≈≈≈≈≈


You could see a snapping turtle, a wind drake, a merfolk, 3 fauns, a merfolk
siren and a centaur.

Vanquished Creatures
  Nikola (Snake:1)
  Kirke (Lair:4)
  4 nagarajas
  Louise (Elf:1)
  The ghost of zero the Severer, a journeyman GrBe of Trog (Lair:6)
  A deep elf annihilator (Elf:1)
  The ghost of tilp the Severer, a journeyman HOFi of Uskayaw (D:12)
  A fire dragon (Lair:6)
  9 hydras
  3 vault guards (D:13)
  8 naga warriors
  A centaur warrior (D:13)
  10 anacondas
  5 two-headed ogres
  6 death yaks
  11 dancing weapons
  2 shock serpents (Snake:1)
  Sonja (D:12)
  3 orc high priests
  6 naga sharpshooters
  Nergalle (Lair:1)
  7 deep elf knights
  4 unseen horrors
  3 wizards (D:13)
  11 deep elf archers
  6 naga ritualists
  A lindwurm (Lair:6)
  Pikel (D:6)
  A necromancer (D:13)
  6 mana vipers
  28 deep elf magi
  2 ugly things
  6 salamanders
  4 orc sorcerers (Orc:2)
  A cyclops (Orc:2)
  A manticore (shapeshifter) (Elf:2)
  A faun (Shoals:1)
  An oklob plant (D:12)
  A manticore (Lair:3)
  42 black mambas
  3 molten gargoyles (Lair:6)
  2 guardian serpents (Snake:3)
  6 naga magi
  4 elephants (Lair:5)
  8 spiny frogs
  2 centaur skeletons
  12 komodo dragons
  5 rime drakes
  2 kobold demonologists
  5 trolls
  3 hornets
  4 polar bears
  8 blink frogs
  Prince Ribbit (D:7)
  20 dream sheep
  26 hippogriffs
  2 air elementals (Elf:1)
  A spriggan (D:9)
  A water elemental (Elf:2)
  9 wyverns
  A shadow (D:13)
  A vampire (D:10)
  27 yaks
  2 hungry ghosts
  8 basilisks
  4 fire elementals
  18 humans (D:13)
  3 wargs
  2 vampire mosquitoes (D:13)
  2 acid dragons
  34 nagas
  10 porcupines
  4 hell hounds (Lair:6)
  15 water moccasins
  5 phantoms
  5 ice beasts
  25 orc warriors
  4 sky beasts
  2 slaves (D:6)
  5 black bears
  An eye of draining (D:13)
  A necrophage (D:11)
  7 wolves
  10 ogres
  A boggart (Elf:1)
  11 centaurs
  9 crocodiles
  24 big kobolds
  16 bullfrogs
  An earth elemental (Elf:2)
  A gnoll sergeant (D:10)
  7 scorpions
  An oklob sapling (D:12)
  20 killer bees
  4 wights (D:13)
  5 howler monkeys
  6 crimson imps
  5 lava snakes (Lair:6)
  A bullfrog zombie (D:7)
  7 hounds
  3 jellies
  25 orc priests
  4 iguanas
  38 orc wizards
  9 worker ants
  A killer bee zombie (D:5)
  A hound zombie (D:11)
  A hound skeleton (D:4)
  2 worker ant zombies
  19 adders
  4 gnolls (D:10)
  2 shadow imps
  An ooze (D:3)
  An adder zombie (D:8)
  4 worms
  4 dart slugs
  7 leopard geckos
  101 orcs
  5 giant cockroaches
  10 goblins
  4 hobgoblins
  12 jackals
  A quokka (D:4)
  7 ball pythons
  7 bats
  4 frilled lizards
  A goblin skeleton (D:6)
  A goblin zombie (D:6)
  3 hobgoblin zombies (D:6)
  A jackal zombie (D:5)
  15 kobolds
  A kobold skeleton (D:6)
  A kobold zombie (D:6)
  An orc skeleton (D:6)
  A quokka skeleton (D:3)
  8 rats
  A plant (D:12)
954 creatures vanquished.

Vanquished Creatures (collateral kills)
  3 dream sheep (Lair:4)
  A bullfrog (Lair:4)
4 creatures vanquished.

Vanquished Creatures (others)
  A dancing weapon (Elf:2)
  A wizard (Elf:1)
  A spiny frog (Lair:4)
  5 humans (Lair:4)
  A water moccasin (Lair:4)
  A bullfrog (Lair:4)
  An orc priest (Orc:2)
  An orc (Orc:1)
  A bush (Elf:1)
  35 fungi
  33 plants
81 creatures vanquished.

Grand Total: 1039 creatures vanquished

Notes
Turn   | Place    | Note
-------+----------+-------------------------------------------
     0 | D:1      | kae the Gargoyle Earth Elementalist began the quest for the Orb.
     0 | D:1      | Reached XP level 1. HP: 10/10 MP: 3/3
   252 | D:1      | Reached skill level 4 in Earth Magic
   252 | D:1      | Reached XP level 2. HP: 9/15 MP: 1/5
   972 | D:1      | Reached XP level 3. HP: 10/19 MP: 4/6
   978 | D:1      | Learned a level 3 spell: Stone Arrow
  1556 | D:2      | Found a shadowy altar of Dithmenos.
  1854 | D:3      | Reached XP level 4. HP: 16/24 MP: 6/8
  2065 | D:3      | Reached skill level 5 in Earth Magic
  2376 | D:3      | Reached XP level 5. HP: 27/28 MP: 3/10
  2712 | D:4      | Noticed an ice beast
  2712 | D:4      | Noticed a phantom
  2791 | D:3      | Killed a phantom
  2791 | D:3      | Reached skill level 1 in Conjurations
  2791 | D:3      | Reached XP level 6. HP: 15/32 MP: 1/11
  2976 | D:3      | Killed an ice beast
  2976 | D:3      | Reached skill level 6 in Earth Magic
  3169 | D:4      | Noticed a phantom
  3192 | D:3      | Killed a phantom
  3192 | D:3      | Reached XP level 7. HP: 10/36 MP: 2/13
  4201 | D:4      | Reached skill level 7 in Earth Magic
  4244 | D:4      | Reached skill level 5 in Spellcasting
  4768 | D:5      | Entered Level 5 of the Dungeon
  4778 | D:5      | Found a bloodstained altar of Trog.
  4782 | D:5      | Found a white marble altar of Elyvilon.
  4782 | D:5      | Found an ornate altar of the Wu Jian Council.
  4811 | D:5      | Found a staircase to the Ecumenical Temple.
  4850 | D:5      | Noticed Fingolfin's ghost (novice GnSk)
  4984 | Temple   | Entered the Ecumenical Temple
  5036 | Temple   | Became a worshipper of Vehumet
  5422 | D:5      | Reached XP level 8. HP: 41/41 MP: 11/15
  6606 | D:6      | Found a glowing golden altar of the Shining One.
  6664 | D:6      | Found Umilien's Jewellery Shoppe.
  6698 | D:6      | Bought a cursed amulet of inaccuracy for 20 gold pieces
  6698 | D:6      | Bought a cursed ring of loudness for 45 gold pieces
  6790 | D:6      | Reached * piety under Vehumet
  6790 | D:6      | Offered knowledge of Freeze by Vehumet.
  6790 | D:6      | Reached skill level 5 in Conjurations
  6795 | D:6      | Reached skill level 8 in Earth Magic
  6913 | D:6      | Found a sacrificial altar of Ru.
  7425 | D:6      | Noticed Pikel
  7519 | D:6      | Killed Pikel
  7519 | D:6      | Reached skill level 9 in Earth Magic
  7519 | D:6      | Reached XP level 9. HP: 33/45 MP: 7/19
  8273 | D:7      | Noticed Prince Ribbit
  8282 | D:7      | Killed Prince Ribbit
  8358 | D:7      | Reached skill level 10 in Earth Magic
  8705 | D:7      | Found an opulent altar of Gozag.
  8973 | D:8      | Reached XP level 10. HP: 50/50 MP: 12/21
  9146 | D:8      | Offered knowledge of Searing Ray by Vehumet.
  9214 | D:8      | Found a snail-covered altar of Cheibriados.
  9253 | D:8      | Reached ** piety under Vehumet
  9267 | D:8      | Learned a level 5 spell: Lee's Rapid Deconstruction
  9319 | D:8      | Found Zeckod's Weapon Shop.
  9327 | D:8      | Bought 12 stones for 16 gold pieces
  9327 | D:8      | Bought 9 stones for 12 gold pieces
  9454 | D:8      | Found a hazy altar of Hepliaklqana.
  9478 | D:8      | Noticed a two-headed ogre
  9484 | D:8      | Killed a two-headed ogre
  9484 | D:8      | Reached skill level 11 in Earth Magic
  9878 | D:9      | Noticed a two-headed ogre
  9885 | D:9      | Killed a two-headed ogre
 10245 | D:9      | Noticed an oklob plant
 10726 | D:9      | Offered knowledge of Throw Flame by Vehumet.
 10726 | D:9      | Reached XP level 11. HP: 54/54 MP: 19/24
 10798 | D:9      | Noticed an oklob plant
 10861 | D:9      | Reached skill level 12 in Earth Magic
 10862 | D:9      | Reached skill level 10 in Conjurations
 11192 | D:9      | Gained mutation: Scrolls take you a little longer to read. [potion of mutation]
 11192 | D:9      | Gained mutation: You are frail. (-10% HP) [potion of mutation]
 11192 | D:9      | Gained mutation: You are partially covered in slimy green scales. (AC +2) [potion of mutation]
 11192 | D:9      | Gained mutation: Your flesh is cold resistant. (rC+) [potion of mutation]
 11193 | D:9      | Lost mutation: You are frail. (-10% HP) [potion of mutation]
 11193 | D:9      | Lost mutation: Scrolls take you a little longer to read. [potion of mutation]
 11193 | D:9      | Gained mutation: You possess an exceptional clarity of mind. [potion of mutation]
 11193 | D:9      | Gained mutation: Your natural rate of healing is unusually fast. [potion of mutation]
 11193 | D:9      | Gained mutation: Your muscles are strong. (Str +2) [potion of mutation]
 11206 | D:10     | Entered Level 10 of the Dungeon
 11308 | D:10     | Reached *** piety under Vehumet
 11383 | D:10     | Reached skill level 1 in Maces & Flails
 11456 | D:10     | Noticed a two-headed ogre
 11464 | D:10     | Killed a two-headed ogre
 11464 | D:10     | Reached skill level 1 in Fighting
 11676 | D:10     | Killed an unseen horror
 12235 | D:10     | Found a staircase to the Orcish Mines.
 12242 | D:10     | Offered knowledge of Airstrike by Vehumet.
 12907 | D:11     | Reached **** piety under Vehumet
 13007 | D:11     | Offered knowledge of Olgreb's Toxic Radiance by Vehumet.
 13154 | D:11     | Noticed a purple ugly thing
 13172 | D:11     | Killed a purple ugly thing
 13293 | D:11     | Reached skill level 10 in Spellcasting
 13453 | D:11     | Found a staircase to the Lair.
 13478 | D:11     | Reached XP level 12. HP: 66/66 MP: 20/26
 13679 | D:11     | Reached skill level 13 in Earth Magic
 14232 | Lair:1   | Entered Level 1 of the Lair of Beasts
 14255 | Lair:1   | Reached ***** piety under Vehumet
 14382 | Lair:1   | Offered knowledge of Lightning Bolt by Vehumet.
 14417 | Lair:1   | Learned a level 5 spell: Bolt of Magma
 14424 | Lair:1   | Learned a level 6 spell: Iron Shot
 14585 | Lair:1   | Noticed Nergalle
 15333 | Lair:1   | Killed Nergalle
 15333 | Lair:1   | Reached skill level 5 in Fighting
 15730 | Lair:2   | Reached skill level 5 in Maces & Flails
 16633 | Lair:3   | Found a staircase to the Shoals.
 16843 | Lair:3   | Found a staircase to the Snake Pit.
 17179 | Lair:3   | Noticed a five-headed hydra
 17186 | Lair:3   | Killed a five-headed hydra
 17186 | Lair:3   | Reached XP level 13. HP: 62/75 MP: 12/27
 18165 | Lair:4   | Reached skill level 14 in Earth Magic
 18241 | Lair:4   | Noticed Kirke
 18241 | Lair:4   | Offered knowledge of Fireball by Vehumet.
 18246 | Lair:4   | Killed Kirke
 20453 | Lair:5   | Reached skill level 1 in Armour
 20453 | Lair:5   | Gained mutation: Your large and strong wings let you fly indefinitely. [Gargoyle growth]
 20453 | Lair:5   | Reached XP level 14. HP: 84/84 MP: 19/29
 20566 | Lair:5   | Got a crude lapis lazuli ring
 20801 | Lair:5   | Found a staircase to the Slime Pits.
 20910 | Lair:6   | Entered Level 6 of the Lair of Beasts
 20971 | Lair:6   | Noticed zero's ghost (journeyman GrBe)
 22272 | Lair:6   | Identified the ring of Xueciru {rElec MR- Int+2 Dex+3 SInv} (You found it on level 5 of the Lair of Beasts)
 22714 | Lair:6   | Offered knowledge of Irradiate by Vehumet.
 22822 | Lair:6   | Found a large runed door.
 22822 | Lair:6   | Found a large runed door.
 23403 | Lair:6   | Killed zero's ghost
 23403 | Lair:6   | Reached skill level 15 in Earth Magic
 24273 | Lair:6   | Learned a level 5 spell: Fireball
 24277 | Lair:6   | Learned a level 3 spell: Confuse
 24871 | Orc:1    | Entered Level 1 of the Orcish Mines
 25514 | Orc:1    | Found a roughly hewn altar of Beogh.
 26030 | Orc:1    | Offered knowledge of Yara's Violent Unravelling by Vehumet.
 26030 | Orc:1    | Reached XP level 15. HP: 91/91 MP: 21/31
 26131 | Orc:2    | Entered Level 2 of the Orcish Mines
 26390 | Orc:2    | Found a staircase to the Elven Halls.
 27092 | Orc:2    | Reached skill level 5 in Armour
 27673 | Orc:2    | Found Emniklos's Food Emporium.
 27673 | Orc:2    | Found Pugav's Armour Shoppe.
 27676 | Orc:2    | Found Raxenish's Distillery.
 27678 | Orc:2    | Found Memout's Book Emporium.
 27685 | Orc:2    | Bought a book of the Earth for 845 gold pieces
 27881 | Orc:2    | Found a roughly hewn altar of Beogh.
 27997 | Lair:1   | Learned a level 7 spell: Orb of Destruction
 28015 | D:12     | Noticed tilp's ghost (journeyman HOFi)
 28024 | D:12     | Killed tilp's ghost
 28024 | D:12     | Offered knowledge of Bolt of Cold by Vehumet.
 28358 | D:12     | Found Lunel's Jewellery Shoppe.
 28521 | D:12     | Noticed Sonja
 28522 | D:12     | Killed Sonja
 28935 | D:12     | Identified the Volume of the Stag
 29216 | D:12     | Reached skill level 10 in Fighting
 29454 | Elf:1    | Entered Level 1 of the Elven Halls
 29755 | Elf:1    | Noticed Louise
 30119 | D:13     | Found Dimon's Assorted Antiques.
 30679 | D:13     | Paralysed by a wizard for 5 turns
 30919 | D:13     | Found a gate to the Vaults.
 31245 | D:13     | Reached skill level 5 in Dodging
 32532 | Elf:1    | Killed Louise
 32532 | Elf:1    | Reached XP level 16. HP: 70/99 MP: 2/32
 32740 | Elf:1    | Found Issebbu's Antique Armour Shop.
 33357 | Elf:1    | Reached ****** piety under Vehumet
 33369 | Elf:1    | Reached skill level 16 in Earth Magic
 33550 | Elf:1    | Reached skill level 10 in Maces & Flails
 35135 | Elf:2    | Offered knowledge of Conjure Ball Lightning by Vehumet.
 35502 | Elf:2    | Found Meulalysh's Gadget Shop.
 35834 | Elf:2    | Found Woptew's One-of-a-Kind Books.
 35865 | Elf:2    | Found a runed gate.
 35865 | Elf:2    | Found a runed gate.
 35918 | Elf:2    | Found a runed gate.
 36263 | Snake:1  | Entered Level 1 of the Snake Pit
 37165 | Snake:1  | Noticed Nikola
 37174 | Snake:1  | Killed Nikola
 37599 | Snake:2  | HP: 3/100 [anaconda (4)]
 37787 | Snake:2  | Noticed a nagaraja
 37941 | Snake:2  | Killed a nagaraja
 37941 | Snake:2  | Reached XP level 17. HP: 104/104 MP: 19/34
 39992 | Snake:3  | Offered knowledge of Bolt of Fire by Vehumet.
 40825 | Snake:3  | Learned a level 4 spell: Leda's Liquefaction
 41242 | Snake:3  | Reached skill level 5 in Stealth
 43720 | Shoals:1 | Entered Level 1 of the Shoals
 43736 | Shoals:1 | HP: 1/106 [faun/uncursed spear (5)]
 43736 | Shoals:1 | Slain by a wind drake

Vault maps used:
D:1:      evilmike_arrival_fibonacci_small
D:2:      cheibrodos_old_hovel, nicolae_dithmenos_through_a_glass_darkly,
          grunt_ministairs_2
D:3:      kennysheep_generic_room_9
D:4:      cheibrodos_pilgrimage
D:5:      grunt_temple_overflow_open, minmay_temple_entry_statues, first_bread
D:6:      nicolae_tso_besieged_by_evil, portal_sewer_entry_e, serial_shops,
          shop, nicolae_ru_awakened_eye, uniq_pikel
D:7:      grunt_gozag_statues, uniq_prince_ribbit1
D:8:      nicolae_overflow_hidden_temple, serial_shops, nicolae_shop_stone,
          cheibriados_altar_1
D:9:      the_bakery, st_stairs_13, disabler_island
D:10:     kennysheep_orc_monster_closet_entryway, minmay_misc_feat_ornament
D:11:     minmay_lair_entry_grove
D:12:     serial_shops, shop, introduction_to_nature_1, uniq_maurice, uniq_sonja
D:13:     grunt_vaults_entry_tiered, serial_shops, shop
Temple:   nicolae_temple_x_marks_the_god
Lair:1:   grunt_megastairs_1, uniq_nergalle
Lair:2:   cheibrodos_lair_lostbears
Lair:3:   minmay_shoals_entry_beasts, guppyfry_snake_entry_island,
          serial_bayou_pond_c
Lair:4:   uniq_kirke
Lair:5:   dpeg_slime_entry_corner
Lair:6:   cheibrodos_lair_end_hotspot
Snake:1:  uniq_nikola
Snake:2:  grunt_megastairs_3
Snake:3:  grunt_ministairs_1
Orc:1:    special_room, lemuel_statue_altar
Orc:2:    st_orc_mages, nicolae_orc_lost_temple
Elf:1:    serial_shops, shop_fountains, hangedman_elf_disciples, uniq_louise
Elf:2:    serial_shops, nicolae_shop_crystal, nicolae_rare_books,
          grunt_megastairs_5

Skill      XL: |  1  2  3  4  5  6  7  8  9 10 11 12 13 14 15 16 17 |
---------------+----------------------------------------------------+-----
Earth Magic    | 4 5 6 7 9 10 11 12 13 14 15 16 | 16.7
Spellcasting   | 3 4 5 6 7 9 10 11 12 13 | 13.2
Conjurations   | 1 3 4 6 8 9 10 11 12 13 14 | 14.8
Maces & Flails | 3 6 7 8 9 10 | 10.9
Fighting       | 4 6 8 9 10 11 | 11.8
Armour         | 1 4 6 8 |  8.8
Dodging        | 3 5 6 |  6.9
Stealth        | 9 |  9.8
Transmutations | |  0.7

Action                   |  1- 3 |  4- 6 |  7- 9 | 10-12 | 13-15 | 16-18 || total
-------------------------+-------+-------+-------+-------+-------+-------++-------
Melee: Unarmed           |    11 |       |       |       |       |       ||    11
       Club              |   110 |    97 |   258 |       |       |       ||   465
       Whip              |       |       |     7 |   180 |   657 |   525 ||  1369
 Cast: Sandblast         |    22 |    46 |    73 |   156 |   285 |   201 ||   783
       Stone Arrow       |       |     2 |   109 |   290 |   492 |   328 ||  1221
       Lee's Rapid Decon |       |       |       |     5 |    14 |    17 ||    36
       Iron Shot         |       |       |       |     2 |    42 |    62 ||   106
       Bolt of Magma     |       |       |       |       |    33 |    21 ||    54
       Confuse           |       |       |       |       |     1 |       ||     1
       Fireball          |       |       |       |       |     2 |       ||     2
       Orb of Destructio |       |       |       |       |       |     7 ||     7
       Leda's Liquefacti |       |       |       |       |       |     1 ||     1
 Abil: Fly               |       |       |       |       |     1 |       ||     1
       Stop Flying       |       |       |       |       |       |     1 ||     1
  Use: Scroll            |     2 |     1 |    13 |    12 |    12 |     6 ||    46
       Potion            |       |       |     2 |     5 |     2 |     2 ||    11
 Stab: Sleeping          |     4 |     4 |     3 |       |     2 |       ||    13
  Eat: Chunk             |     3 |     4 |    19 |    21 |    51 |    18 ||   116
       Meat ration       |       |       |     1 |     1 |     1 |       ||     3
       Fruit             |       |       |       |     1 |     2 |     5 ||     8
       Bread ration      |       |       |       |       |     1 |     7 ||     8
       Royal jelly       |       |       |       |       |     2 |       ||     2
Armor: Robe              |    48 |    56 |   141 |   204 |   684 |   443 ||  1576
Dodge: Dodged            |   112 |    93 |   241 |   243 |   553 |   529 ||  1771

Table legend:
 A = Spawn XP
 B = Non-spawn XP
 C = Spawn XP percentage of total XP
 D = Spawn monster count
 E = Non-spawn monster count
 F = Spawn count percentage of total count
 G = Total turns spent on level
                    A         B        C        D         E        F      G
               +---------+---------+-------+---------+---------+-------+---------
         Total |       0 |  234979 |   0.0 |       0 |     957 |   0.0 | 43736
               +---------+---------+-------+---------+---------+-------+---------
           D:1 |       0 |      37 |   0.0 |       0 |      21 |   0.0 |  1133
           D:2 |       0 |      37 |   0.0 |       0 |      14 |   0.0 |   684
           D:3 |       0 |     552 |   0.0 |       0 |      31 |   0.0 |  1574
           D:4 |       0 |     404 |   0.0 |       0 |      26 |   0.0 |  1790
           D:5 |       0 |     265 |   0.0 |       0 |      21 |   0.0 |  1332
           D:6 |       0 |    1647 |   0.0 |       0 |      32 |   0.0 |  1252
           D:7 |       0 |    1321 |   0.0 |       0 |      14 |   0.0 |   999
           D:8 |       0 |    2227 |   0.0 |       0 |      31 |   0.0 |  1122
           D:9 |       0 |    3530 |   0.0 |       0 |      29 |   0.0 |  1261
          D:10 |       0 |    5533 |   0.0 |       0 |      70 |   0.0 |  2266
          D:11 |       0 |    5348 |   0.0 |       0 |      48 |   0.0 |  1475
          D:12 |       0 |    7627 |   0.0 |       0 |      41 |   0.0 |  1634
          D:13 |       0 |   16015 |   0.0 |       0 |      67 |   0.0 |  1989
        Lair:1 |       0 |    2941 |   0.0 |       0 |      15 |   0.0 |  1236
        Lair:2 |       0 |    4592 |   0.0 |       0 |      21 |   0.0 |  1230
        Lair:3 |       0 |    6145 |   0.0 |       0 |      25 |   0.0 |  1450
        Lair:4 |       0 |    8566 |   0.0 |       0 |      23 |   0.0 |  1580
        Lair:5 |       0 |   14009 |   0.0 |       0 |      44 |   0.0 |  2149
        Lair:6 |       0 |   26006 |   0.0 |       0 |      72 |   0.0 |  3060
      Shoals:1 |       0 |     539 |   0.0 |       0 |       1 |   0.0 |    16
       Snake:1 |       0 |   13072 |   0.0 |       0 |      22 |   0.0 |  1761
       Snake:2 |       0 |   29747 |   0.0 |       0 |      49 |   0.0 |  3246
       Snake:3 |       0 |   28089 |   0.0 |       0 |      52 |   0.0 |  2436
         Orc:1 |       0 |    4121 |   0.0 |       0 |      58 |   0.0 |  1027
         Orc:2 |       0 |    7502 |   0.0 |       0 |      54 |   0.0 |  1923
         Elf:1 |       0 |   29310 |   0.0 |       0 |      50 |   0.0 |  2897
         Elf:2 |       0 |   15797 |   0.0 |       0 |      26 |   0.0 |  1155
               +---------+---------+-------+---------+---------+-------+---------
